 Dungeon Crawl Stone Soup version 0.30.1-11-g7821555f0a (webtiles) character file.

Game seed: 9135568775516413369

809934 Ijustatesigmund the Petrodigitator (level 27, -2/123 HPs)
             Began as a Gargoyle Earth Elementalist on Oct 26, 2023.
             Was the Champion of Cheibriados.
             Killed by divine providence
             ... invoked by a smoke demon
              (8 damage)
             ... on level 7 of the Abyss on Oct 31, 2023.
             The game lasted 06:57:29 (140728 turns).

Ijustatesigmund the Petrodigitator (GrEE)         Turns: 140728, Time: 06:57:31

Health: -2/123     AC: 57    Str: 26      XL:     27
Magic:  11/32      EV: 27    Int: 35 (38) God:    Cheibriados [******]
Gold:   6377       SH: 19    Dex: 21      Spells: 3/66 levels left

rFire   . . .        K - +9 eveningstar (protect)
rCold   x x .        g - +5 kite shield {reflect}
rNeg    + + .        t - +7 pearl dragon scales
rPois   ∞            h - +2 helmet {SInv}
rElec   +            w - +2 cloak {rCorr}
rCorr   +            N - +3 pair of gauntlets of War {Slay+5}
SInv    +            k - +2 pair of boots {Fly}
Will    +++..        V - amulet of the acrobat
Stlth   +++          M - ring of the Hidden Emperors {rF++ EV+5}
HPRegen 0.00/turn    C - ring of Pennem {rPois rF+ rC+ EV+5}
MPRegen 0.23/turn

%: random rage (9%), reflection, acrobat
@: on berserk cooldown, flying, inhibited regen, slowed, studying 2 skills,
unable to read, unable to drink, very slow
A: sickness immunity, AC +20, big wings, negative energy resistance 1,
electricity resistance, torment resistance 1, petrification resistance,
deterioration 2, strong-willed 1, sense surroundings 1, shaggy fur 1, evolution
1, inability to drink after injury 2, berserk 1[+1], clumsy 1[+1], [deformed
body], [dopey 2], frail 2[+1], [low MP 3], [screaming 2], [inhibited
regeneration], ([teleportitis 2]), [weak 2], no potion heal 1[+1], [cold
vulnerability 3], [heat vulnerability 3], [subdued magic 3], [inability to read
after injury 2]
}: 4/15 runes: serpentine, barnacled, slimy, silver
a: Renounce Religion, Bend Time, Temporal Distortion, Slouch, Step From Time


You were on level 7 of the Abyss.
You worshipped Cheibriados.
Cheibriados was exalted by your worship.
You visited 17 branches of the dungeon, and saw 71 of its levels.
You visited the Abyss 2 times.
You visited 1 bazaar.
You visited 1 ziggurat, and saw 13 of its levels.
You also visited: Ossuary, Bailey, Gauntlet, Ice Cave, Volcano and Desolation.

You collected 10413 gold pieces.
You spent 4036 gold pieces at shops.

Inventory:

Hand Weapons
 f - a +9 vampiric demon whip
 K - a +9 eveningstar of protection (weapon)
Armour
 g - a +5 kite shield of reflection (worn)
 h - a +2 helmet of see invisible (worn)
 k - a +2 pair of boots of flying (worn)
 t - +7 pearl dragon scales (worn)
 w - a +2 cloak of preservation (worn)
 N - the +3 pair of gauntlets of War (worn) {Slay+5}
   (You found it on level 13 of a ziggurat)

   Slay:      It affects your accuracy & damage with ranged weapons and melee
   (+5).
 O - the +4 skin of Zhor {*Englaciate rC+++ SInv}
   (You found it on level 4 of the Lair of Beasts)

   *Englaciate: It radiates cold, occasionally slowing all nearby creatures who
   are not resistant to cold.
   rC:        It renders you almost immune to cold.
   SInv:      It lets you see invisible.
Magical Staves
 Y - the staff of earth "Ferampop" {*Slow rN+++ Int+3 SInv}
   (You found it on level 4 of the Realm of Zot)

   [staff of earth]

   Base accuracy: +5 Base damage: 5 Base attack delay: 1.2 This weapon's minimum
   attack delay (0.6) is reached at skill level 12.
   Int:       It affects your intelligence (+3).
   rN:        It renders you almost immune to negative energy.
   SInv:      It lets you see invisible.
   *Slow:     It may slow you when you take damage.
   It falls into the 'Staves' category.
   It is a one-handed weapon.
Jewellery
 j - the ring of Isyl {rC+ Will+ MP+9 Int+4}
   (You found it on level 1 of the Crypt)

   [ring of protection from cold]

   Int:       It affects your intelligence (+4).
   rC:        It protects you from cold.
   MP:        It affects your magic capacity (+9).
   Will:      It increases your willpower.
 q - the ring "Diymmen" {rN+ rCorr AC+4 Str+3}
   (You acquired it on level 4 of the Vaults)

   [ring of protection]

   AC:        It affects your AC (+4).
   Str:       It affects your strength (+3).
   rN:        It protects you from negative energy.
   rCorr:     It protects you from acid and corrosion.
 u - the amulet of Coyg Sir {Reflect rElec rC+ SH+5}
   (You found it on level 6 of a ziggurat)

   [amulet of reflection]

   It reflects blocked missile attacks.
   rC:        It protects you from cold.
   rElec:     It insulates you from electricity.
   SH:        It affects your SH (+5).
 C - the ring of Pennem (right hand) {rPois rF+ rC+ EV+5}
   (You found it on level 3 of the Crypt)

   [ring of evasion]

   EV:        It affects your evasion (+5).
   rF:        It protects you from fire.
   rC:        It protects you from cold.
   rPois:     It protects you from poison.
 E - the ring of the Moon {rC+ Int+7 Stlth-}
   (You took it off a tengu reaver on level 1 of the Vaults)

   [ring of protection from cold]

   Int:       It affects your intelligence (+7).
   rC:        It protects you from cold.
   Stlth:     It makes you less stealthy.
 J - the ring of the Yeti {rN+ Str+2 Dex+6}
   (You found it on level 9 of a ziggurat)

   [ring of dexterity]

   Str:       It affects your strength (+2).
   Dex:       It affects your dexterity (+6).
   rN:        It protects you from negative energy.
 L - an amulet of regeneration
 M - the ring of the Hidden Emperors (left hand) {rF++ EV+5}
   (You took it off an ironbound preserver on level 5 of the Vaults)

   [ring of evasion]

   EV:        It affects your evasion (+5).
   rF:        It greatly protects you from fire.
 Q - the ring "Guome" {MP+9 Slay+3}
   (You found it on level 2 of the Vaults)

   [ring of magical power]

   Slay:      It affects your accuracy & damage with ranged weapons and melee
   (+3).
   MP:        It affects your magic capacity (+9).
 V - an amulet of the acrobat (around neck)
 Z - the ring "Feadem" {rPois rF+ rCorr}
   (You found it on level 3 of the Elven Halls)

   [ring of protection from fire]

   rF:        It protects you from fire.
   rPois:     It protects you from poison.
   rCorr:     It protects you from acid and corrosion.
Wands
 a - a wand of acid (7)
 o - a wand of polymorph (8)
 F - a wand of mindburst (26)
 P - a wand of roots (71)
 U - a wand of digging (52)
 X - a wand of charming (49)
Scrolls
 b - 8 scrolls of silence
 d - 6 scrolls of magic mapping
 e - a scroll of brand weapon
 l - 14 scrolls of teleportation
 m - 12 scrolls of amnesia
 n - a scroll of torment
 r - 10 scrolls of poison
 x - 2 scrolls of summoning
 B - 7 scrolls of fear
 D - 9 scrolls of fog
Potions
 c - 9 potions of brilliance
 i - 17 potions of curing
 p - 3 potions of heal wounds
 s - 3 potions of might
 v - 6 potions of cancellation
 z - 5 potions of mutation
 A - 3 potions of resistance
 G - 6 potions of lignification
 S - a potion of invisibility
 T - 3 potions of berserk rage
 W - 6 potions of ambrosia
Miscellaneous
 H - a phantom mirror


   Skills:
 - Level 22.6 Fighting
 - Level 20.1(20.2) Maces & Flails
 - Level 2.8(13.5) Staves
 - Level 16.3 Armour
 - Level 11.0 Dodging
 - Level 11.0 Stealth
 - Level 14.1 Shields
 + Level 20.0 Spellcasting
 - Level 19.4 Conjurations
 - Level 17.7 Necromancy
 - Level 6.2 Translocations
 - Level 3.6 Transmutations
 - Level 6.1 Fire Magic
 - Level 3.9 Ice Magic
 - Level 2.7 Air Magic
 O Level 27 Earth Magic
 - Level 2.2 Poison Magic
 - Level 20.7 Invocations
 - Level 4.9 Evocations


You had 3 spell levels left.
You knew the following spells:

 Your Spells              Type           Power      Damage    Failure   Level
a - Magic Dart            Conj           100%       1d8       0%          1
b - Stone Arrow           Conj/Erth      100%       3d13      0%          3
c - Mephitic Cloud        Conj/Pois/Air  48%        N/A       1%          3
d - Blink                 Tloc           82%        N/A       1%          2
e - Frozen Ramparts       Ice            64%        1d10      1%          3
f - Iskenderun's Mystic   Conj/Tloc      60%        2d13      0%          4
g - Iron Shot             Conj/Erth      40%        9d8       0%          6
h - Irradiate             Conj/Tmut      28%        3d21      1%          5
i - Starburst             Conj/Fire      30%        6d9       1%          6
j - Shatter               Erth           43%        3d34*     1%          9
k - Dispel Undead         Necr           71%        3d24      0%          4
l - Lehudib's Crystal Sp  Conj/Erth      40%        10d10     1%          8
m - Borgnjor's Revivific  Necr           35%        N/A       6%          8
n - Apportation           Tloc           82%        N/A       1%          1

Your spell library contained the following spells:

 Spells                   Type           Power      Damage    Failure   Level
 Foxfire                  Conj/Fire      100%       2x1d9     0%          1
 Kiss of Death            Conj/Necr      100%       2d13      0%          1
 Necrotise                Necr           100%       1d9       0%          1
 Sandblast                Erth           100%       2d20      0%          1
 Momentum Strike          Conj/Tloc      100%       3d10      0%          2
 Passwall                 Tmut/Erth      55%        N/A       0%          2
 Searing Ray              Conj           100%       2d8       0%          2
 Static Discharge         Conj/Air       100%       2-7/arc   0%          2
 Dazzling Flash           Conj/Hex       100%       N/A       0%          3
 Hailstorm                Conj/Ice       57%        3d12      0%          3
 Beastly Appendage        Tmut           64%        N/A       1%          1
 Freeze                   Ice            100%       1d10      1%          1
 Sting                    Tmut/Pois      100%       1d8       1%          1
 Summon Small Mammal      Summ           72%        N/A       1%          1
 Call Imp                 Summ           36%        N/A       1%          2
 Ensorcelled Hibernation  Hex/Ice        50%        N/A       1%          2
 Lesser Beckoning         Tloc           82%        N/A       1%          2
 Poisonous Vapours        Pois/Air       54%        N/A       1%          2
 Scorch                   Fire           82%        2d8       1%          2
 Wereblood                Tmut           32%        N/A       1%          2
 Gell's Gravitas          Tloc           41%        N/A       1%          3
 Inner Flame              Hex/Fire       29%        N/A       1%          3
 Ozocubu's Armour         Ice            32%        N/A       1%          3
 Portal Projectile        Hex/Tloc       58%        N/A       1%          3
 Spider Form              Tmut/Pois      29%        N/A       1%          3
 Swiftness                Air            28%        N/A       1%          3
 Teleport Other           Tloc           41%        N/A       1%          3
 Vhi's Electric Charge    Tloc/Air       70%        N/A       1%          3
 Volatile Blastmotes      Fire/Tloc      82%        2d16      1%          3
 Call Canine Familiar     Summ           18%        N/A       3%          3
 Confusing Touch          Hex            18%        N/A       3%          3
 Summon Guardian Golem    Hex/Summ       18%        N/A       3%          3
 Tukima's Dance           Hex            18%        N/A       3%          3
 Animate Armour           Summ/Erth      100%       N/A       0%          4
 Animate Dead             Necr           71%        N/A       0%          4
 Flame Wave               Conj/Fire      60%        2d14      0%          4
 Leda's Liquefaction      Hex/Erth       31%        N/A       0%          4
 Petrify                  Tmut/Erth      66%        N/A       0%          4
 Sticky Flame             Conj/Fire      60%        2d8       0%          4
 Borgnjor's Vile Clutch   Necr/Erth      39%        N/A       0%          5
 Iskenderun's Battlesphe  Conj           74%        2d12      0%          5
 Lee's Rapid Deconstruct  Erth           43%        3d21*     0%          5
 Anguish                  Hex/Necr       25%        N/A       1%          4
 Fulminant Prism          Conj/Hex       26%        3d14      1%          4
 Manifold Assault         Tloc           41%        N/A       1%          4
 Passage of Golubria      Tloc           41%        N/A       1%          4
 Arcjolt                  Conj/Air       28%        1d38      1%          5
 Fireball                 Conj/Fire      30%        3d13      1%          5
 Freezing Cloud           Conj/Ice/Air   25%        6-21      1%          5
 Conjure Ball Lightning   Conj/Air       28%        3x3d8     1%          6
 Death Channel            Necr           35%        N/A       1%          6
 Simulacrum               Ice/Necr       27%        N/A       1%          6
 Orb of Destruction       Conj           37%        9d11      1%          7
 Ice Form                 Ice/Tmut       32%        N/A       2%          4
 Airstrike                Air            14%        2d(2-18)  4%          4
 Olgreb's Toxic Radiance  Pois           26%        N/A       5%          4
 Summon Ice Beast         Ice/Summ       25%        N/A       6%          4
 Infestation              Necr           35%        N/A       6%          8
 Summon Lightning Spire   Summ/Air       23%        N/A       8%          4
 Blade Hands              Tmut           16%        N/A       9%          5
 Summon Forest            Summ/Tloc      14%        N/A       12%         5
 Alistair's Intoxication  Tmut/Pois      19%        N/A       13%         5
 Dispersal                Tloc           20%        N/A       19%         6
 Metabolic Englaciation   Hex/Ice        12%        N/A       21%         5
 Yara's Violent Unravell  Hex/Tmut       12%        3d7       21%         5
 Silence                  Hex/Air        11%        N/A       26%         5
 Spellforged Servitor     Conj/Summ      26%        N/A       26%         7
 Haunt                    Necr/Summ      25%        N/A       36%         7
 Plasma Beam              Fire/Air       17%        2x1d31    41%         6
 Summon Mana Viper        Hex/Summ       18%        N/A       43%         5
 Eringya's Noxious Bog    Tmut/Pois      14%        N/A       63%         6
 Death's Door             Necr           35%        N/A       78%         9
 Necromutation            Tmut/Necr      27%        N/A       83%         8
 Summon Cactus Giant      Summ           9%         N/A       96%         6
 Dragon Form              Tmut           16%        N/A       98%         7
 Ozocubu's Refrigeration  Ice            16%        4d11      98%         7
 Storm Form               Tmut/Air       15%        N/A       99%         7
 Enfeeble                 Hex            9%         N/A       100%        7
 Monstrous Menagerie      Summ           9%         N/A       100%        7
 Summon Hydra             Summ           9%         N/A       100%        7
 Discord                  Hex            9%         N/A       100%        8
 Disjunction              Tloc           20%        N/A       100%        8
 Ignition                 Fire           20%        3d7       100%        8
 Maxwell's Capacitive Co  Air            14%        ∞         100%        8
 Chain Lightning          Conj/Air       28%        3d37      100%        9
 Fire Storm               Conj/Fire      30%        8d8       100%        9
 Polar Vortex             Ice            16%        N/A       100%        9
 Sublimation of Blood     Necr           Unusable   N/A       N/A         2
 Statue Form              Tmut/Erth      Unusable   N/A       N/A         6

Dungeon Overview and Level Annotations

Branches:
Dungeon (15/15)            Temple (1/1) D:6            Lair (5/5) D:8
 Shoals (4/4) Lair:2        Snake (4/4) Lair:3        Slime (5/5) Lair:5
    Orc (2/2) D:11            Elf (3/3) Orc:2        Vaults (5/5) D:14
  Crypt (3/3) Vaults:2       Tomb (2/3) Crypt:3      Depths (4/4) D:15
   Hell (visited)             Dis (0/7) Hell            Geh (2/7) Hell
    Coc (4/7) Hell            Tar (6/7) Hell            Zot (5/5) Depths:4
Ossuary (visited)          Bailey (visited)           IceCv (visited)
Volcano (visited)         Desolation (visited)      Gauntlet (visited)

Altars:
Ashenzari
Cheibriados
Dithmenos
Elyvilon
Fedhas
Gozag
Hepliaklqana
Kikubaaqudgha
Makhleb
Nemelex Xobeh
Okawaru
Qazlal
Ru
Sif Muna
Trog
Uskayaw
Vehumet
Wu Jian
Xom
Yredelemnul
Zin
The Shining One
Jiyva

Shops:
D:7 :   D:11 [   Orc:2 ?(*   Elf:2 ==:   Shoals:1 *   Shoals:2 !
Snake:1 :?:?=   Snake:4 *[   Vaults:3 [   Vaults:4 ((:

Portals:
Hell: Depths:1 Depths:2 Depths:3 Depths:4
Abyss: Depths:1 Depths:3 Depths:4
Pandemonium: Depths:1 Depths:2 Depths:3

Annotations:
D:7 exclusion: ice statue
D:8 3 transporters


Innate Abilities, Weirdness & Mutations

You are immune to sickness and miasma.
Your stone body is resilient. (AC +20)
You are immune to poison.
Your large and strong wings let you fly.
You resist negative energy. (rN+)
You are resistant to electric shocks. (rElec)
You are resistant to unholy torment.
You are immune to petrification.
Your body often deteriorates upon taking damage.
You are strong-willed. (Will+)
You passively map a small area around you.
You are covered in fur. (AC +1)
You have hidden genetic potential.
You sometimes lose the ability to drink potions when taking damage.
[You have an uncontrollable temper.]
[You are very clumsy. (Dex -4)]
[Armour fits poorly on your strangely shaped body.]
[You are very dopey. (Int -4)]
[You are extremely frail. (-30% HP)]
[Your magical capacity is extremely low. (-30% MP)]
[You frequently scream uncontrollably at your foes.]
[You do not regenerate when monsters are visible.]
[((You are often teleported next to monsters.))]
[You are very weak. (Str -4)]
[Potions cannot restore your health.]
[You are extremely vulnerable to cold. (rC---)]
[You are extremely vulnerable to heat. (rF---)]
[Your spells are much easier to cast, but much less powerful.]
[You sometimes lose the ability to read scrolls when taking damage.]


Message History

Confirm with . or Enter, or press ? or * to list all spells.
Okay, then.
Casting: Blink (safe; 1% risk of failure)
Confirm with . or Enter, or press ? or * to list all spells.
The dungeon rumbles!
The wretched star is lightly damaged.
The tentacled starspawn is severely damaged.
You destroy the starcursed mass!
Cheibriados thoroughly appreciates the change of pace.
The smoke demon is severely wounded.
You kill the apocalypse crab!
Cheibriados thoroughly appreciates the change of pace.
The ancient zyme is moderately damaged.
The starspawn tentacle is almost destroyed.
The starcursed mass is severely damaged.
The wretched star is lightly damaged.
The tentacled starspawn is heavily damaged.
You destroy the starcursed mass!
Cheibriados appreciates the change of pace.
You destroy the starcursed mass!
Cheibriados thoroughly appreciates the change of pace.
You destroy the starcursed mass!
Cheibriados appreciates the change of pace.
You destroy the starcursed mass!
Cheibriados thoroughly appreciates the change of pace.
The tentacled starspawn is severely damaged.
You destroy the starcursed mass!
Cheibriados appreciates the change of pace.
You destroy the starcursed mass!
Cheibriados thoroughly appreciates the change of pace.
Ka-crash!
You feel stable enough to blink again.
You hear a shout! x2; You hear a loud, deep croak!
You hear a shout! x4
You hear a loud, deep croak!
You hear a shout!
You hear a chilling moan. x2
You hear a shout!
You hear a hideous shriek!
You hear a roar!
You hear a loud, deep croak!
You hear a screech.
You hear a bark!
A spatial vortex comes into view.
The smoke demon gestures at you. Something smites you!
You die...

.v . .## #..#
####### #..#
..........#
....*..#..#
#.X...@#
..##..*.....#
#...#X*#.......
.###3.†3#......
#.Xw.x.##....#
#....# .#.##
#§.X.# ##..
###.zXX.... ..
##.X.###.


You could see a starcursed mass, 3 tentacled starspawn, a revenant, 3 wretched
stars, a spatial vortex, an ancient zyme, a smoke demon and a starspawn
tentacle.

Vanquished Creatures
  the Royal Jelly (Slime:5)
  An orb of fire (Zot:5)
  5 ancient liches
  9 dread liches
  Mara (Vaults:3)
  2 juggernauts
  Vv (Depths:3)
  18 royal mummies
  4 shard shrikes
  Boris (Vaults:2)
  Frederick (Vaults:2)
  3 Killer Klowns (Zot:3)
  Vashnia (Snake:4)
  2 pandemonium lords
  Margery (Vaults:5)
  The ghost of Toam the Devastator, a veteran VSVM of Vehumet (Vaults:2)
  Geryon (Hell)
  3 curse toes (Zot:4)
  7 caustic shrikes
  8 golden dragons
  Nikola (Shoals:1)
  5 profane servitors
  Jory (Vaults:2)
  19 bone dragons
  2 pearl dragons (Abyss:4)
  13 doom hounds
  10 Tzitzimimeh
  An electric golem (Zot:2)
  Zenata (Vaults:2)
  Jorgrun (Snake:1)
  2 walking crystal tomes
  19 tentacled monstrosities
  3 Ice Fiends
  A walking earthen tome (Depths:3)
  3 Orb Guardians (Zot:5)
  A hellephant (Hell)
  8 titans
  A Hell Sentinel (Abyss:5)
  4 deep elf blademasters (Elf:3)
  7 liches
  Rupert (Orc:2)
  3 deep elf master archers (Elf:3)
  6 tainted leviathans
  A walking frostbound tome (Depths:3)
  5 quicksilver dragons
  Polyphemus (Shoals:4)
  5 krakens
  12 death cobs
  3 searing wretches
  11 sphinxes
  18 ancient champions
  Murray (Hell)
  23 tentacled starspawn
  An Executioner (Zig:6)
  Kirke (Elf:1)
  A thorn hunter (Zig:4)
  Donald (Snake:3)
  24 acid blobs
  16 storm dragons
  9 tengu reavers
  12 rockslimes
  19 shadow dragons
  6 nagarajas
  A draconian monk (Zot:3)
  The ghost of Witt the Fighter, an adept GrFi of Ashenzari (Shoals:3)
  2 narguns (Coc:4)
  4 revenants
  5 fire giants
  7 draconian knights
  The ghost of alexxx the Worldbinder, an adept FeSu of Jiyva (Crypt:1)
  An emperor scorpion (Zig:11)
  7 balrugs
  3 iron dragons
  The ghost of rendel the Warrior, an adept GrFi of Cheibriados (Elf:2)
  Aizul (Shoals:2)
  9 frost giants
  9 deep elf sorcerers
  Louise (D:15)
  4 ghost moths
  3 spectral juggernauts
  18 azure jellies
  3 draconian scorchers
  23 vault wardens
  4 imperial myrmidons (Desolation)
  3 curse skulls
  2 shard shrike simulacra (Coc:3)
  8 ghouls
  9 draconian shifters
  4 orc warlords
  5 cacodemons
  2 spectral caustic shrikes
  2 angels (Zig:12)
  15 stone giants
  3 deep elf elementalists
  19 ironbound preservers
  5 draconian stormcallers
  4 spriggan defenders
  13 quicksilver oozes
  18 reapers
  9 black draconians
  2 war gargoyles (Hell)
  A demonspawn blood saint (Zig:6)
  An eleionoma (Zig:7)
  6 draconian annihilators
  An ophan (Zig:12)
  29 very ugly things
  14 putrid mouths
  6 ironbound thunderhulks
  3 caustic shrike skeletons (Crypt:3)
  16 green draconians
  8 red draconians
  10 yellow draconians
  5 vampire knights
  5 lorocyprocas
  5 deep elf demonologists
  8 elemental wellsprings
  18 dire elephants
  2 halazid warlocks (Desolation)
  A minotaur (Gauntlet)
  9 white draconians
  3 wendigos
  4 deep elf annihilators
  2 spectral titans (Tar:4)
  3 bunyips
  7 spark wasps
  12 purple draconians
  11 eidola
  10 ettins
  7 blizzard demons
  6 jiangshi
  14 mummy priests
  10 merfolk impalers
  3 spectral spriggans
  3 merfolk javelineers (Shoals:4)
  A spectral quicksilver dragon (Tar:3)
  9 deep elf death magi
  3 green deaths
  18 yaktaur captains
  A fire dragon (D:15)
  4 entropy weavers
  A crystal guardian (Vaults:2)
  Josephine (Orc:2)
  A spectral golden dragon (Zig:9)
  3 deep elf high priests
  18 great orbs of eyes
  8 ragged hierophants
  A quicksilver dragon zombie (Tomb:1)
  Fannar (Orc:1)
  9 servants of whispers (Desolation)
  A spectral iron giant (Tar:4)
  A spriggan zombie (Crypt:2)
  2 shambling mangroves
  15 ice dragons
  A hell beast (Depths:2)
  6 hydras
  A rakshasa (Depths:2)
  A bennu zombie (Crypt:2)
  6 salamander tyrants
  32 vault guards
  7 spriggan air magi
  5 peacekeepers
  2 catoblepae
  5 caustic shrike simulacra
  4 ironbound frosthearts
  A ghost crab (Zig:7)
  2 juggernaut simulacra (Coc:2)
  3 merfolk avatars (Shoals:4)
  7 anacondas
  5 spriggan skeletons
  20 centaur warriors
  2 spectral stone giants
  2 ogre magi (Vaults:5)
  5 boulder beetles
  A spectral shadow dragon (Tar:2)
  6 merfolk aquamancers
  A fenstrider witch skeleton (Crypt:2)
  26 dancing weapons
  A stoker (Geh:1)
  10 two-headed ogres
  11 vampire magi
  2 radroaches (Zig:11)
  13 death scarabs
  5 alligator snapping turtles
  11 shock serpents
  3 tengu warriors
  4 death yaks (Shoals:4)
  9 naga warriors
  3 satyrs (Shoals:4)
  46 thrashing horrors
  9 hell hogs
  6 deep troll shamans
  7 deep troll earth magi
  9 soul eaters
  3 spriggan berserkers
  Urug (D:13)
  An orc high priest (Zig:8)
  3 spectral dire elephants
  2 spectral nagas
  20 hell knights
  13 naga sharpshooters
  17 deep elf knights
  44 skeletal warriors
  Sonja (Lair:3)
  2 storm dragon zombies (Crypt:1)
  4 titan skeletons (Crypt:3)
  5 sixfirhies
  5 spatial maelstroms
  14 sun demons
  A spark wasp zombie (Depths:1)
  2 sun moths (Zig:11)
  4 skysharks
  17 shadow wraiths
  2 spectral bunyips
  A storm dragon skeleton (Crypt:2)
  17 wretched stars
  6 salamander mystics
  8 iron trolls
  An elf simulacrum (Coc:2)
  2 orb spiders (Zig:11)
  9 sea snakes
  An anaconda zombie (Hell)
  A spriggan druid (Abyss:5)
  A goliath frog (Zig:7)
  5 naga ritualists
  4 quicksilver dragon simulacra
  7 flayed ghosts
  4 obsidian statues
  A kraken simulacrum (Hell)
  2 swamp dragons (Zig:7)
  66 deep trolls
  2 shadow demons
  8 wizards
  10 lindwurms
  3 orange crystal statues (Zig:4)
  4 bog bodies
  8 glowing orange brains
  6 deep elf archers
  A lindwurm (shapeshifter) (Vaults:5)
  8 orc knights
  9 mana vipers
  90 starcursed masses
  15 phantasmal warriors
  2 golden dragon skeletons
  26 ironbound convokers
  22 harpies
  A broodmother zombie (Crypt:3)
  A steelbarb worm (Zig:11)
  4 anaconda skeletons
  2 wolf spiders
  33 deep elf pyromancers
  A harpy (shapeshifter) (D:13)
  A stone giant zombie (Crypt:1)
  8 shining eyes
  3 spectral ettins
  3 bunyip skeletons
  A faun (shapeshifter) (Vaults:5)
  34 deep elf zephyrmancers
  14 necromancers
  6 fauns
  4 orc sorcerers
  2 will-o-the-wisps (Abyss:4)
  A manticore (shapeshifter) (Vaults:5)
  50 large abominations
  38 moths of wrath
  41 ugly things
  2 moths of wrath (shapeshifter)
  A sphinx skeleton (Vaults:2)
  2 oklob plants
  3 stone giant skeletons
  14 manticores
  24 salamanders
  5 worldbinders
  31 black mambas
  4 elephants
  3 frost giant skeletons
  9 cyclopes
  An eleionoma skeleton (Crypt:1)
  10 naga magi
  A guardian serpent (shapeshifter) (Vaults:1)
  8 water nymphs
  19 smoke demons
  8 orange demons
  3 demonic crawlers
  A fire giant skeleton (Crypt:3)
  4 apocalypse crabs
  17 vault sentinels
  3 spectral centaurs
  5 merfolk sirens
  4 eyes of devastation
  A dire elephant zombie (Tomb:2)
  3 titan simulacra
  8 rust devils
  4 ice statues
  11 guardian serpents
  10 torpor snails
  11 hellions
  2 gargoyles
  4 centaur skeletons
  3 molten gargoyles
  An elf skeleton (Vaults:2)
  2 storm dragon simulacra
  9 unseen horrors
  16 cane toads
  2 sea snake zombies (Hell)
  A dire elephant skeleton (Crypt:3)
  2 anaconda simulacra
  A kobold demonologist (D:9)
  7 rime drakes
  4 efreet
  A steelbarb worm zombie (Crypt:1)
  2 bunyip simulacra (Coc:1)
  4 komodo dragons
  A yaktaur (shapeshifter) (D:14)
  17 tormentors
  A death yak zombie (Crypt:2)
  49 yaktaurs
  13 ice devils
  A mana viper zombie (Crypt:1)
  15 freezing wraiths
  2 golden dragon simulacra
  14 guardian mummies
  A queen bee (shapeshifter) (Depths:2)
  A harpy zombie (Abyss:4)
  An alligator snapping turtle skeleton (Crypt:3)
  2 hydra zombies (Hell)
  6 trolls
  14 hornets
  12 ancient zymes
  A tengu conjurer (D:15)
  6 spectral harpies
  2 silent spectres
  31 merfolk
  A meliai (Zig:11)
  3 tyrant leeches (Lair:5)
  49 saltlings
  5 wind drakes
  A tarantella (Zig:11)
  2 harpy skeletons (Crypt:3)
  10 polar bears
  16 blink frogs
  2 hellwings (Abyss:6)
  A stone giant simulacrum (Coc:2)
  30 small abominations
  59 raiju
  123 slime creatures
  14 snapping turtles
  A human simulacrum (Vaults:3)
  10 dream sheep
  24 flying skulls
  A spectral black mamba (Tar:1)
  22 yaks
  6 air elementals
  2 centaur simulacra (Coc:2)
  A black mamba zombie (Crypt:2)
  5 dire elephant simulacra
  A satyr skeleton (Crypt:2)
  4 shadows
  A naga simulacrum (Coc:3)
  A spriggan (Depths:3)
  4 ettin skeletons
  7 ynoxinuls
  A culicivora (Zig:11)
  9 ushabtiu
  An ice dragon skeleton (Crypt:2)
  2 jumping spiders
  A jumping spider (shapeshifter) (D:14)
  2 vampires
  A wyvern (Lair:5)
  3 fire elementals
  2 humans (D:9)
  2 hogs (Elf:1)
  A black mamba skeleton (Crypt:3)
  8 fire bats
  29 water elementals
  9 wraiths
  Grum (D:8)
  A steam dragon (D:9)
  9 neqoxecs
  A basilisk (Lair:4)
  27 vampire mosquitoes
  3 minotaur simulacra (IceCv)
  An alligator snapping turtle simulacrum (Coc:3)
  10 spriggan simulacra
  15 chaos spawn
  15 golden eyes
  A redback (Vaults:1)
  Menkaure (D:5)
  7 spatial vortices
  A swamp worm (shapeshifter) (Vaults:5)
  8 harpy simulacra
  3 hydra simulacra
  10 water moccasins
  17 hell hounds
  4 acid dragons
  25 nagas
  10 wargs
  A floating eye (Slime:1)
  A glowing shapeshifter zombie (Depths:1)
  41 orc warriors
  A two-headed ogre skeleton (Crypt:1)
  2 glowing shapeshifter skeletons
  A cane toad skeleton (Crypt:1)
  An ettin simulacrum (Depths:1)
  A hornet zombie (Crypt:2)
  A sky beast (D:8)
  15 black bears
  An alligator simulacrum (IceCv)
  10 ogres
  25 wolves
  17 centaurs
  4 human skeletons (Vaults:2)
  A kobold brigand (D:11)
  Blork the orc (D:4)
  A draconian zombie (Crypt:2)
  9 bullfrogs
  2 earth elementals (Abyss:5)
  4 necrophages
  7 deep troll simulacra (IceCv)
  A salamander skeleton (Crypt:1)
  10 scorpions
  A draconian skeleton (Crypt:3)
  24 wights
  2 lindwurm simulacra (IceCv)
  6 vampire bats (Bailey)
  6 wolf zombies (Bailey)
  2 electric eels (Lair:4)
  8 lava snakes (Volcano)
  3 quasits
  3 centaur zombies
  4 jellies
  9 orc priests
  A gnoll bouda (D:7)
  3 hounds
  8 iguanas
  4 sleepcaps
  20 orc wizards
  7 scorpion zombies (Ossuary)
  8 hell rats (Lair:2)
  An acid dragon zombie (Crypt:3)
  A sky beast zombie (Crypt:2)
  24 mummies
  Robin (D:3)
  7 adders
  11 gnolls
  14 river rats (Lair:2)
  2 white imps
  2 ufetubi
  3 worms
  2 dart slugs
  52 orcs
  8 endoplasms
  A giant cockroach (D:4)
  14 goblins
  10 hobgoblins
  4 jackals (D:2)
  9 kobolds
  15 quokkas
  9 ball pythons
  7 bats
  An endoplasm zombie (Crypt:3)
  5 frilled lizards
  A goblin skeleton (Crypt:3)
  2 goblin zombies (Ossuary)
  A hobgoblin zombie (Ossuary)
  A jackal skeleton (Crypt:1)
  3 kobold zombies
  19 orc zombies
  18 rats
  4 fire vortices
  A lurking horror (Abyss:4)
  22 starspawn tentacles
  9 tentacles
3674 creatures vanquished.

Vanquished Creatures (collateral kills)
  A pearl dragon (Zig:12)
  The ghost of Kucw the Warrior, an adept GrFi of Cheibriados (Crypt:2)
  A komodo dragon (D:12)
  A troll (Orc:2)
  A shadow (D:12)
  2 acid dragons (D:11)
7 creatures vanquished.

Vanquished Creatures (others)
  A merfolk impaler (Shoals:3)
  A caustic shrike simulacrum (Coc:3)
  4 thrashing horrors (Abyss:4)
  A deep elf knight (Elf:2)
  A quicksilver dragon simulacrum (Depths:2)
  A deep elf pyromancer (Elf:2)
  A freezing wraith (IceCv)
  A guardian mummy (Zig:13)
  A fire elemental (Elf:1)
  A water elemental (Depths:3)
  A naga (Snake:4)
  2 small abominations
  2 fire vortices (Geh:1)
  19 foxfires (Abyss:4)
  A lurking horror (Abyss:2)
  59 starspawn tentacles
  26 tentacles
123 creatures vanquished.

Grand Total: 3804 creatures vanquished

Notes
Turn   | Place    | Note
-------+----------+-------------------------------------------
     0 | D:1      | Ijustatesigmund the Gargoyle Earth Elementalist began the
                  | quest for the Orb.
     0 | D:1      | Reached XP level 1. HP: 10/10 MP: 3/3
   313 | D:1      | Reached XP level 2. HP: 16/16 MP: 1/5
   409 | D:1      | Reached skill level 1 in Fighting
   485 | D:1      | Reached skill level 4 in Earth Magic
  1063 | D:2      | Reached XP level 3. HP: 20/20 MP: 3/6
  1067 | D:2      | Learned a level 3 spell: Stone Arrow
  1498 | D:2      | Found a glowing golden altar of the Shining One.
  1501 | D:2      | Reached XP level 4. HP: 26/26 MP: 6/8
  1622 | D:2      | Reached skill level 1 in Conjurations
  2287 | D:3      | Noticed Robin
  2304 | D:2      | Reached XP level 5. HP: 24/30 MP: 9/9
  2802 | D:4      | Noticed a black bear
  2818 | D:4      | Killed a black bear
  2819 | D:4      | Reached skill level 5 in Earth Magic
  2949 | D:4      | Noticed a black bear
  2956 | D:4      | Killed a black bear
  2957 | D:4      | Reached XP level 6. HP: 33/35 MP: 4/11
  3273 | D:4      | Found a sand-covered staircase.
  3282 | Ossuary  | Entered an ossuary
  3606 | Ossuary  | Reached XP level 7. HP: 40/40 MP: 10/12
  3968 | Ossuary  | Reached skill level 6 in Earth Magic
  4146 | Ossuary  | Reached skill level 5 in Conjurations
  4408 | Ossuary  | Reached XP level 8. HP: 36/47 MP: 2/14
  4885 | D:4      | Noticed Blork the orc
  4903 | D:4      | Killed Blork the orc
  4904 | D:4      | Reached skill level 5 in Spellcasting
  4904 | D:4      | Reached skill level 7 in Earth Magic
  5085 | D:4      | Found a radiant altar of Vehumet.
  5163 | D:3      | Killed Robin
  5631 | D:5      | Entered Level 5 of the Dungeon
  5906 | D:5      | Noticed Menkaure
  6111 | D:5      | Killed Menkaure
  6112 | D:5      | Reached skill level 5 in Fighting
  6180 | D:5      | Reached XP level 9. HP: 54/54 MP: 10/17
  6299 | D:5      | Reached skill level 1 in Staves
  6544 | D:5      | Found an ornate altar of the Wu Jian Council.
  6701 | D:5      | Reached skill level 8 in Earth Magic
  6744 | D:5      | Found a sparkling altar of Nemelex Xobeh.
  6894 | D:5      | Found an ancient bone altar of Kikubaaqudgha.
  7266 | D:6      | Found a staircase to the Ecumenical Temple.
  7286 | D:6      | Learned a level 1 spell: Magic Dart
  7288 | Temple   | Entered the Ecumenical Temple
  7456 | D:6      | Found a snail-covered altar of Cheibriados.
  7602 | D:6      | Became a worshipper of Cheibriados the Contemplative
  8095 | D:7      | Found Ygheufif's Book Shoppe.
  8283 | D:7      | Noticed a komodo dragon
  8295 | D:7      | Killed a komodo dragon
  8295 | D:7      | Reached * piety under Cheibriados
  8309 | D:7      | Reached skill level 9 in Earth Magic
  8323 | D:7      | Found a flagged portal.
  8333 | Bailey   | Entered a bailey
  8387 | Bailey   | Learned a level 3 spell: Mephitic Cloud
  8501 | Bailey   | Reached skill level 1 in Air Magic
  8634 | Bailey   | Reached skill level 1 in Poison Magic
  8640 | Bailey   | Reached XP level 10. HP: 59/59 MP: 4/19
  9676 | Bailey   | Identified the +1 war axe "Itisag" {freeze, Contam Str+7}
  9811 | Bailey   | Noticed a gargoyle
  9815 | Bailey   | Killed a gargoyle
 10185 | Bailey   | Reached skill level 1 in Maces & Flails
 10189 | Bailey   | Identified the orb of Recklessness {*Rage, rCorr}
 10243 | Bailey   | Identified the +0 robe of Painted Birdsong {rF- rC+ rCorr
                  | Dex+2}
 10365 | D:7      | Reached ** piety under Cheibriados
 11289 | D:7      | Noticed an ice statue
 11557 | D:8      | Found a staircase to the Lair.
 11560 | D:8      | Noticed Grum
 11855 | D:8      | Found a transporter.
 12096 | D:8      | Killed Grum
 12356 | D:8      | Found a transporter.
 12357 | D:8      | Found a transporter.
 12380 | D:8      | Found a transporter.
 12684 | D:9      | Reached *** piety under Cheibriados
 12979 | D:9      | Found an iron altar of Okawaru.
 13032 | D:9      | Reached skill level 10 in Earth Magic
 13758 | D:9      | Noticed a kobold demonologist
 13762 | D:9      | Killed a kobold demonologist
 13880 | D:10     | Entered Level 10 of the Dungeon
 13880 | D:10     | Noticed a two-headed ogre
 13884 | D:10     | Killed a two-headed ogre
 13885 | D:10     | Reached XP level 11. HP: 47/63 MP: 9/22
 14314 | D:10     | Reached skill level 1 in Armour
 14614 | D:11     | Noticed a two-headed ogre
 14618 | D:11     | Killed a two-headed ogre
 14761 | D:11     | Found a staircase to the Orcish Mines.
 14861 | D:11     | Found a gate leading to a gauntlet.
 14870 | Gauntlet | Entered a Gauntlet
 14870 | Gauntlet | Found a transporter.
 14880 | Gauntlet | Found a transporter.
 14883 | Gauntlet | Found a transporter.
 14884 | Gauntlet | Found a transporter.
 14895 | Gauntlet | Found a transporter.
 14895 | Gauntlet | Found a transporter.
 14896 | Gauntlet | Found a transporter.
 14900 | Gauntlet | Found a runed translucent door.
 14900 | Gauntlet | Found a runed translucent door.
 14904 | Gauntlet | Found a transporter.
 14904 | Gauntlet | Noticed a blizzard demon
 14907 | Gauntlet | Found a transporter.
 14908 | Gauntlet | Found a transporter.
 14914 | Gauntlet | Noticed a cacodemon
 14916 | Gauntlet | Found a transporter.
 14919 | Gauntlet | Found a transporter.
 14920 | Gauntlet | Found a transporter.
 14929 | Gauntlet | Found a transporter.
 15244 | Gauntlet | Noticed a minotaur
 15249 | Gauntlet | Killed a minotaur
 15250 | Gauntlet | Reached skill level 5 in Maces & Flails
 15715 | D:11     | Reached skill level 11 in Earth Magic
 15850 | D:11     | Found Tiuf's Antique Armour Shoppe.
 15858 | D:11     | Bought a faintly humming helmet for 323 gold pieces
 15858 | D:11     | Identified the -1 helmet of Asmaac {Rampage rF+} (You
                  | bought it in a shop on level 11 of the Dungeon)
 15872 | D:11     | Found a shimmering blue altar of Sif Muna.
 16102 | D:12     | Reached **** piety under Cheibriados
 16182 | D:12     | Found a white marble altar of Elyvilon.
 16381 | D:12     | Reached skill level 10 in Conjurations
 16815 | D:12     | Reached XP level 12. HP: 66/68 MP: 24/24
 17544 | D:13     | Reached skill level 5 in Armour
 18526 | D:13     | Noticed Urug
 18536 | D:13     | Killed Urug
 18537 | D:13     | Reached skill level 12 in Earth Magic
 18566 | D:13     | Noticed a tengu warrior
 18730 | D:13     | Noticed a tengu warrior
 18745 | D:13     | Killed a tengu warrior
 18745 | D:13     | Reached ***** piety under Cheibriados
 18760 | D:13     | Killed a tengu warrior
 20289 | D:14     | Reached XP level 13. HP: 53/76 MP: 11/26
 21554 | D:14     | Reached skill level 1 in Invocations
 21619 | D:14     | Reached skill level 10 in Spellcasting
 22231 | D:14     | Reached skill level 5 in Invocations
 22398 | D:14     | Found a gate to the Vaults.
 23291 | D:15     | Entered Level 15 of the Dungeon
 23430 | Lair:1   | Entered Level 1 of the Lair of Beasts
 23677 | Lair:1   | Found a dark tunnel.
 23689 | Volcano  | Entered a volcano
 23693 | Volcano  | Learned a level 2 spell: Blink
 23914 | Volcano  | Reached ****** piety under Cheibriados
 23915 | Volcano  | Reached skill level 1 in Translocations
 24122 | Volcano  | Learned a level 3 spell: Frozen Ramparts
 24194 | Volcano  | Reached skill level 1 in Ice Magic
 24198 | Volcano  | Gained mutation: Your large and strong wings let you fly.
                  | [Gargoyle growth]
 24198 | Volcano  | Reached XP level 14. HP: 60/82 MP: 6/28
 24392 | Volcano  | Found a radiant altar of Vehumet.
 24457 | Volcano  | Found a bloodstained altar of Trog.
 24692 | D:7      | Bought a book of Spectacle for 640 gold pieces
 24697 | D:7      | Learned a level 4 spell: Iskenderun's Mystic Blast
 24753 | Lair:2   | Found a staircase to the Shoals.
 24919 | Lair:1   | Reached skill level 13 in Earth Magic
 25200 | Lair:1   | Found a blossoming altar of Fedhas.
 25204 | Lair:1   | Identified a scroll of acquirement
 25205 | Lair:1   | Acquired the Quarto of Peccant Wounds
 25216 | Lair:1   | Learned a level 6 spell: Iron Shot
 26577 | Lair:2   | Found the +3 pair of seven-league boots {Rampage+∞}
 27185 | Lair:2   | Acquired 1139 gold pieces
 28134 | Lair:3   | Found a staircase to the Snake Pit.
 28790 | Lair:3   | Noticed Sonja
 28794 | Lair:3   | Killed Sonja
 29162 | Lair:3   | Identified the +0 helmet "Wuhoisoa" {rElec rPois Will+
                  | Str+3}
 30031 | Lair:4   | Found the +4 skin of Zhor {*Englaciate rC+++ SInv}
 30037 | Lair:4   | Found the +5 scythe "Finisher" {speed, execute}
 30101 | Lair:4   | Reached skill level 1 in Evocations
 30829 | Lair:5   | Entered Level 5 of the Lair of Beasts
 30829 | Lair:5   | Found a hide-covered altar of Uskayaw.
 30829 | Lair:5   | Found an ornate altar of the Wu Jian Council.
 31498 | Lair:5   | Reached skill level 5 in Translocations
 32173 | Lair:5   | Reached XP level 15. HP: 66/89 MP: 4/29
 33025 | Lair:5   | Reached skill level 10 in Invocations
 33360 | Lair:5   | Found a staircase to the Slime Pits.
 33361 | Lair:5   | Found a viscous altar of Jiyva.
 33539 | Lair:5   | Found a runed translucent door.
 33695 | Lair:5   | Reached skill level 14 in Earth Magic
 35484 | Orc:1    | Entered Level 1 of the Orcish Mines
 35853 | Orc:2    | Entered Level 2 of the Orcish Mines
 36852 | Orc:2    | Found Ratzo's Magic Scroll Shop.
 36853 | Orc:2    | Found Gyinorch's Antique Weapon Emporium.
 36853 | Orc:2    | Found Cuphuv's Assorted Antiques.
 36856 | Orc:2    | Found Tinaoc's General Store.
 36991 | Orc:2    | Bought a scroll of teleportation for 36 gold pieces
 36991 | Orc:2    | Bought a scroll of blinking for 90 gold pieces
 36991 | Orc:2    | Bought a scroll of enchant weapon for 90 gold pieces
 36991 | Orc:2    | Bought a scroll of summoning for 114 gold pieces
 37297 | Orc:2    | Found a staircase to the Elven Halls.
 37297 | Orc:2    | Noticed Rupert
 37309 | Orc:2    | Killed Rupert
 37421 | Orc:2    | Noticed Josephine
 37463 | Orc:2    | Killed Josephine
 37661 | Orc:1    | Noticed Fannar
 37898 | Orc:1    | Killed Fannar
 38963 | D:15     | Learned a level 5 spell: Irradiate
 39022 | D:15     | Noticed Louise
 39046 | D:15     | Killed Louise
 39047 | D:15     | Reached skill level 1 in Transmutations
 39663 | D:15     | Found a staircase to the Depths.
 40043 | D:15     | Reached XP level 16. HP: 87/96 MP: 24/31
 40781 | D:15     | Reached skill level 1 in Shields
 40877 | D:15     | Upgraded the game from 0.30.1-10-g1249ef9ec4 to
                  | 0.30.1-11-g7821555f0a
 40920 | Depths:1 | Entered Level 1 of the Depths
 41817 | Depths:1 | Found a one-way gate leading to the halls of Pandemonium.
 42952 | Depths:1 | Found a gateway to Hell.
 43041 | Depths:1 | Found a one-way gate to the infinite horrors of the Abyss.
 43085 | Depths:1 | Found a blossoming altar of Fedhas.
 43424 | Depths:1 | Noticed a sphinx
 43428 | Depths:1 | Killed a sphinx
 43437 | Depths:1 | Reached skill level 15 in Earth Magic
 43764 | Depths:1 | Noticed a tengu reaver
 43764 | Depths:1 | Noticed a caustic shrike
 43772 | Depths:1 | Killed a caustic shrike
 43774 | Depths:1 | Reached skill level 5 in Shields
 43777 | Depths:1 | Killed a tengu reaver
 44022 | Depths:1 | Noticed a sphinx
 44024 | Depths:1 | Killed a sphinx
 45349 | Depths:2 | Noticed a titan
 45353 | Depths:2 | Noticed a walking crystal tome
 45359 | Depths:2 | Noticed a storm dragon
 45377 | Depths:2 | Noticed a sphinx
 45571 | Depths:2 | Killed a sphinx
 45677 | Depths:2 | Identified the +5 scimitar "Beetleslayer" {pain, rPois
                  | Will+}
 45685 | Depths:2 | Noticed a lich
 45692 | Depths:2 | Reached XP level 17. HP: 98/100 MP: 2/33
 46246 | Snake:1  | Entered Level 1 of the Snake Pit
 46278 | Snake:1  | Found Zolappos's Magic Scroll Shop.
 46281 | Snake:1  | Found Meilesaov's Magic Scroll Boutique.
 46281 | Snake:1  | Found Tatypefi's Book Shop.
 46286 | Snake:1  | Found Qirusu's Jewellery Boutique.
 46295 | Snake:1  | Bought a scroll of fear for 68 gold pieces
 46295 | Snake:1  | Bought a scroll of enchant armour for 127 gold pieces
 46300 | Snake:1  | Noticed Jorgrun
 46305 | Snake:1  | Killed Jorgrun
 47050 | Snake:1  | Identified the +0 ring mail "Qeac" {Str+5 Slay-4}
 47156 | Snake:1  | Reached skill level 10 in Fighting
 47555 | Snake:2  | Found a flickering gateway to a bazaar.
 47559 | Bazaar   | Entered a bazaar
 47685 | Bazaar   | Found Mepsobro's Antique Armour Emporium.
 47686 | Bazaar   | Found Daren's General Store.
 47690 | Bazaar   | Bought a pair of runed gloves for 142 gold pieces
 47690 | Bazaar   | Bought a runed scarf for 152 gold pieces
 47715 | Bazaar   | Found Yzugaj's General Store.
 47715 | Bazaar   | Found Bukkios's Assorted Antiques.
 47733 | Bazaar   | Found Wept's Distillery.
 47756 | Bazaar   | Found Xehi's Weapon Shoppe.
 47783 | Bazaar   | Bought a potion of berserk rage for 70 gold pieces
 47783 | Bazaar   | Bought a potion of mutation for 112 gold pieces
 47783 | Bazaar   | Bought a potion of heal wounds for 70 gold pieces
 47783 | Bazaar   | Bought a potion of mutation for 112 gold pieces
 47801 | Bazaar   | Bought a wand of acid (6) for 252 gold pieces
 49065 | Snake:3  | Reached skill level 10 in Maces & Flails
 49475 | Snake:3  | Found a frozen archway.
 49496 | IceCv    | Entered an ice cave
 50034 | IceCv    | Learned a level 6 spell: Starburst
 50062 | IceCv    | Reached skill level 1 in Fire Magic
 51106 | IceCv    | Noticed an Ice Fiend
 51124 | IceCv    | Killed an Ice Fiend
 51533 | IceCv    | Identified the +0 plate armour "Roweemp" {*Slow rElec rPois
                  | SInv}
 51535 | IceCv    | Identified the +6 arbalest "Raiwkit" {drain, rPois Str+5}
 52184 | IceCv    | Reached skill level 5 in Fire Magic
 52763 | Snake:3  | Noticed Donald
 52775 | Snake:3  | Killed Donald
 53235 | Snake:4  | Entered Level 4 of the Snake Pit
 53333 | Snake:4  | Found Yngisk's Antique Armour Shop.
 53337 | Snake:4  | Bought a pair of boots for 108 gold pieces
 53528 | Snake:4  | Reached XP level 18. HP: 95/110 MP: 3/34
 54119 | Snake:4  | Found a shimmering altar of Xom.
 54123 | Snake:4  | Found Hofoveob's General Store.
 55776 | Snake:4  | Reached skill level 16 in Earth Magic
 56046 | Snake:4  | Noticed Vashnia
 56053 | Snake:4  | Killed Vashnia
 56506 | Snake:4  | Got a serpentine rune of Zot
 56963 | Shoals:1 | Entered Level 1 of the Shoals
 57096 | Shoals:1 | Found Zagos's Overcharged Wands.
 57759 | Shoals:1 | Noticed Nikola
 57767 | Shoals:1 | Killed Nikola
 58604 | Shoals:2 | Noticed Aizul
 58616 | Shoals:2 | Killed Aizul
 59130 | Shoals:2 | Found Keido's Distillery.
 59619 | Shoals:3 | Found a transporter.
 59635 | Shoals:3 | Reached skill level 15 in Conjurations
 60184 | Shoals:3 | Found a transporter.
 60189 | Shoals:3 | Found a bloodstained altar of Trog.
 60191 | Shoals:3 | Noticed Witt's ghost (adept GrFi)
 60212 | Shoals:3 | Killed Witt's ghost
 60352 | Shoals:3 | Got Simple Incantation
 60353 | Shoals:3 | Identified the amulet "Keffadog" {Acrobat -Cast rPois Dex+8
                  | Stlth-}
 60570 | Shoals:4 | Entered Level 4 of the Shoals
 61328 | Shoals:3 | Reached XP level 19. HP: 114/114 MP: 23/36
 62735 | Shoals:4 | Reached skill level 17 in Earth Magic
 63248 | Shoals:4 | Noticed Polyphemus
 63283 | Shoals:4 | Killed Polyphemus
 63998 | Shoals:4 | Reached skill level 15 in Invocations
 64550 | Shoals:4 | Got a barnacled rune of Zot
 64902 | Shoals:4 | Identified the +0 plate armour of Prudence {Str+2}
 66037 | Vaults:1 | Entered Level 1 of the Vaults
 66891 | Vaults:1 | Identified the +0 scale mail of Blue the Leaf {-Cast +Inv
                  | rF++}
 66922 | Vaults:1 | Reached skill level 18 in Earth Magic
 67251 | Vaults:1 | Reached XP level 20. HP: 95/120 MP: 20/38
 67851 | Vaults:1 | Identified the ring of Qaasiug {Fire Drain Dex+5}
 67956 | Vaults:1 | Identified the ring of the Moon {rC+ Int+7 Stlth-}
 68151 | Vaults:1 | Acquired the ring "Peot" {rN+ rCorr Str+4}
 68459 | Vaults:1 | Identified the +1 leather armour of the Sun {Int+2}
 69054 | Snake:1  | Bought a book of Annihilations for 1140 gold pieces
 69064 | Snake:1  | Learned a level 9 spell: Shatter
 69284 | Snake:1  | Found Fukuhak's Book Shop.
 69971 | Snake:1  | Reached skill level 19 in Earth Magic
 70481 | Elf:1    | Entered Level 1 of the Elven Halls
 70484 | Elf:1    | Paralysed by an air elemental for 1 turns
 70573 | Elf:1    | Found a crumbling gateway.
 70584 | Desolati | Entered the Desolation of Salt
 70664 | Desolati | Reached skill level 5 in Dodging
 71002 | Desolati | Identified the +0 ring mail of Enea {rC+}
 71493 | Desolati | Identified the ring "Refo" {rPois MP+9}
 71635 | Desolati | Identified the ring "Pecvevyl" {Drain Fly rPois rF+ Int+3}
 71646 | Desolati | Reached skill level 20 in Earth Magic
 71646 | Desolati | Reached XP level 21. HP: 125/125 MP: 29/39
 71660 | Desolati | Identified the staff of air "Otomolits" {rElec rN+ Str+3
                  | Dex-2 Stlth+}
 71677 | Desolati | Got the Directory of Phlogiston and Ill Luck
 72171 | Elf:1    | Paralysed by an air elemental for 1 turns
 72208 | Elf:1    | Found a shimmering blue altar of Sif Muna.
 72753 | Elf:1    | Noticed Kirke
 72762 | Elf:1    | Killed Kirke
 73105 | Elf:1    | Got the Spellbook of Conjuration and Adjuration
 73410 | Elf:2    | Paralysed by an air elemental for 1 turns
 73418 | Elf:2    | Reached skill level 21 in Earth Magic
 73722 | Elf:2    | Found Jucaoxt's Book Shoppe.
 73722 | Elf:2    | Found Mithreri's Jewellery Boutique.
 73724 | Elf:2    | Found Benos's Jewellery Boutique.
 73732 | Elf:2    | Bought the Codex of the Damaging Fault for 390 gold pieces
 73897 | Elf:2    | Noticed rendel's ghost (adept GrFi)
 73903 | Elf:2    | Found a runed translucent door.
 74121 | Elf:2    | Killed rendel's ghost
 74325 | Elf:2    | Found a runed translucent gate.
 74326 | Elf:2    | Found a runed translucent gate.
 74326 | Elf:2    | Found a runed translucent gate.
 75232 | Elf:3    | Entered Level 3 of the Elven Halls
 76326 | Elf:3    | Reached skill level 22 in Earth Magic
 76641 | Elf:3    | Identified the ring "Kinla" {*Slow rElec rPois Slay+4}
 76642 | Elf:3    | Reached XP level 22. HP: 125/139 MP: 26/40
 76646 | Elf:3    | Reached skill level 15 in Fighting
 76659 | Elf:3    | Identified the staff of death "Xuuqeshru" {+Blink rN+}
 76999 | Elf:3    | Identified the ring "Peirri" {Ice rElec}
 77253 | Elf:3    | Identified the ring "Feadem" {rPois rF+ rCorr}
 77324 | Elf:3    | Identified the +1 scale mail "Xaikloitt" {rElec Regen+
                  | Dex+5}
 77654 | Elf:3    | Identified the +4 trident of Dullness {protect, rN+ Str+6
                  | Int+6}
 77861 | Elf:3    | Identified the +0 ice dragon scales "Ciluiqey" {rF- rC++
                  | Str-2 Dex+3}
 78325 | Depths:2 | Found a one-way gateway to a ziggurat.
 78498 | Depths:2 | Noticed a juggernaut
 78833 | Depths:2 | Killed a juggernaut
 79942 | Depths:2 | Reached skill level 10 in Armour
 80668 | Depths:3 | Noticed Vv
 80672 | Depths:3 | Killed Vv
 82277 | Depths:3 | Reached XP level 23. HP: 109/145 MP: 19/41
 82929 | Depths:3 | Identified the +1 leather armour of the Candlemaker {Will+
                  | Int+6}
 82948 | Depths:3 | Noticed a caustic shrike
 82955 | Depths:3 | Killed a caustic shrike
 83494 | Depths:3 | Got Sif Muna's Secrets of Tectonic Changes
 83499 | Depths:3 | Noticed a golden dragon
 83510 | Depths:3 | Killed a golden dragon
 83874 | Depths:3 | Found a faded altar of an unknown god.
 83875 | Depths:3 | Found a faded altar of an unknown god.
 83876 | Depths:3 | Found a hazy altar of Hepliaklqana.
 83971 | Depths:4 | Entered Level 4 of the Depths
 84373 | Depths:4 | Noticed a caustic shrike
 84376 | Depths:4 | Noticed a caustic shrike
 84377 | Depths:4 | Noticed a caustic shrike
 84377 | Depths:4 | Noticed a caustic shrike
 84378 | Depths:4 | Killed a caustic shrike
 84378 | Depths:4 | Killed a caustic shrike
 84379 | Depths:4 | Killed a caustic shrike
 84379 | Depths:4 | Killed a caustic shrike
 84566 | Depths:4 | Noticed a caustic shrike
 84575 | Depths:4 | Killed a caustic shrike
 84971 | Depths:4 | Found a gate to the Realm of Zot.
 86683 | Vaults:2 | Noticed Zenata
 86704 | Vaults:2 | Killed Zenata
 86705 | Vaults:2 | Reached skill level 15 in Spellcasting
 87000 | Vaults:2 | Reached skill level 23 in Earth Magic
 87144 | Vaults:2 | Noticed Boris
 87153 | Vaults:2 | Noticed Jory
 87156 | Vaults:2 | Killed Boris
 87158 | Vaults:2 | Killed Jory
 87276 | Vaults:2 | Noticed Frederick
 87294 | Vaults:2 | Killed Frederick
 87416 | Vaults:2 | Identified the +6 arbalest of Traps {penet, MP+9} (You took
                  | it off a yaktaur on level 2 of the Vaults)
 87656 | Vaults:2 | Found a runed translucent gate.
 87656 | Vaults:2 | Found a runed translucent gate.
 87656 | Vaults:2 | Found a runed translucent gate.
 87657 | Vaults:2 | Noticed Toam's ghost (veteran VSVM)
 87666 | Vaults:2 | Reached XP level 24. HP: 150/152 MP: 27/42
 88228 | Vaults:2 | Killed Toam's ghost
 88304 | Vaults:2 | Identified the ring "Guome" {MP+9 Slay+3}
 89051 | Vaults:2 | Found a staircase to the Crypt.
 89292 | Crypt:1  | Entered Level 1 of the Crypt
 89331 | Crypt:1  | Acquired 645 gold pieces
 89447 | Crypt:1  | Found a basalt altar of Yredelemnul.
 89818 | Crypt:1  | Found a runed translucent door.
 89819 | Crypt:1  | Noticed alexxx's ghost (adept FeSu)
 90337 | Crypt:1  | Killed alexxx's ghost
 90341 | Crypt:1  | Identified the ring of Isyl {rC+ Will+ MP+9 Int+4}
 91726 | Crypt:3  | Entered Level 3 of the Crypt
 91726 | Crypt:3  | Noticed Kucw's ghost (adept GrFi)
 91726 | Crypt:3  | Found a runed translucent door.
 91732 | Crypt:3  | Reached skill level 24 in Earth Magic
 91763 | Crypt:2  | Killed Kucw's ghost
 92593 | Crypt:3  | Identified the ring of Sif Muna's Envy {rN+ Str+2 Stlth+}
 92593 | Crypt:3  | Identified the ring "Fatets" {rElec rN+ Int+2 Dex-5 Stlth+}
 92593 | Crypt:3  | Identified the ring of Soid {rElec rF- rN+ Str-4 Dex+8}
 92746 | Crypt:3  | Found a staircase to the Tomb.
 93130 | Crypt:3  | Reached XP level 25. HP: 161/161 MP: 42/42
 93335 | Crypt:3  | Noticed an ancient lich
 93341 | Crypt:3  | Killed an ancient lich
 93635 | Crypt:3  | Identified the ring of Pennem {rPois rF+ rC+ EV+5}
 94055 | Tomb:1   | Entered Level 1 of the Tomb of the Ancients
 94107 | Tomb:1   | Noticed a royal mummy
 94117 | Tomb:1   | Killed a royal mummy
 94118 | Tomb:1   | Reached skill level 15 in Armour
 94122 | Tomb:1   | Noticed a royal mummy
 94226 | Tomb:1   | Killed a royal mummy
 94376 | Tomb:1   | Noticed a royal mummy
 94378 | Tomb:1   | Killed a royal mummy
 94640 | Tomb:1   | Noticed a royal mummy
 94768 | Tomb:1   | Killed a royal mummy
 94886 | Tomb:1   | Noticed a royal mummy
 94886 | Tomb:1   | Noticed a royal mummy
 94903 | Crypt:3  | Killed a royal mummy
 95082 | Tomb:1   | Noticed a royal mummy
 95292 | Tomb:1   | Noticed a royal mummy
 95294 | Tomb:1   | Killed a royal mummy
 95295 | Tomb:1   | Killed a royal mummy
 95571 | Tomb:1   | Killed a royal mummy
 95714 | Tomb:1   | Noticed a royal mummy
 95718 | Tomb:1   | Killed a royal mummy
 95933 | Tomb:1   | Noticed a royal mummy
 95943 | Tomb:1   | Killed a royal mummy
 96609 | Tomb:1   | Reached skill level 25 in Earth Magic
 96693 | Tomb:1   | Noticed a royal mummy
 96699 | Tomb:1   | Killed a royal mummy
 97489 | Tomb:1   | Noticed a royal mummy
 97499 | Tomb:1   | Killed a royal mummy
 97499 | Tomb:1   | Noticed a royal mummy
 97505 | Tomb:1   | Killed a royal mummy
 97747 | Tomb:1   | Noticed a royal mummy
 97748 | Tomb:1   | Noticed a royal mummy
 97755 | Tomb:1   | Killed a royal mummy
 97757 | Tomb:1   | Killed a royal mummy
 98062 | Tomb:1   | Noticed a royal mummy
 98073 | Tomb:1   | Killed a royal mummy
 98182 | Tomb:1   | Noticed a royal mummy
 98190 | Tomb:1   | Killed a royal mummy
 98452 | Tomb:2   | Noticed a royal mummy
 98453 | Tomb:2   | Noticed a royal mummy
 98454 | Tomb:2   | Noticed a royal mummy
 98461 | Tomb:2   | Noticed a royal mummy
 98461 | Tomb:2   | Noticed a royal mummy
 98467 | Tomb:2   | Reached XP level 26. HP: 50/169 MP: 18/43
 99222 | Vaults:3 | Noticed Mara
 99223 | Vaults:3 | Noticed Ijustatesigmund's illusion
 99227 | Vaults:3 | Killed Mara
 99237 | Vaults:3 | Paralysed by a great orb of eyes for 3 turns
 99898 | Vaults:3 | Found Xaockis's Armour Shop.
100015 | Vaults:3 | Paralysed by a great orb of eyes for 4 turns
101085 | Vaults:5 | Entered Level 5 of the Vaults
101298 | Vaults:4 | Reached skill level 26 in Earth Magic
101566 | Vaults:4 | Found Wirynk's Book Shop.
101807 | Vaults:4 | Identified the staff of fire "Ribarhogusch" {rElec rF+}
102172 | Vaults:4 | Found Plog's Weapon Emporium.
102291 | Vaults:4 | Found Duethrud's Weapon Shop.
102733 | Vaults:5 | Reached XP level 27. HP: 175/175 MP: 26/44
102734 | Vaults:5 | Noticed an ancient lich
102735 | Vaults:5 | Noticed a dread lich
102968 | Vaults:5 | Killed a dread lich
103606 | Vaults:5 | Identified the +1 flail of Mali {protect, Will+ Int+4}
103607 | Vaults:5 | Reached skill level 10 in Shields
103866 | Vaults:5 | Noticed a dread lich
103868 | Vaults:5 | Killed a dread lich
103869 | Vaults:5 | Identified the +8 morningstar of Liequech {spect, rPois
                  | rF+}
103967 | Vaults:5 | Noticed Margery
104338 | Vaults:5 | Killed Margery
104483 | Vaults:5 | Noticed an ancient lich
104485 | Vaults:5 | Killed an ancient lich
104651 | Vaults:5 | Learned a level 4 spell: Dispel Undead
104714 | Vaults:5 | Got the Discursus on the Shifting Iceberg
104718 | Vaults:5 | Identified the +1 ring mail "Letiewn" {Harm rElec Dex-5
                  | Stlth+}
104737 | Vaults:5 | Noticed a dread lich
104742 | Vaults:5 | Killed a dread lich
104743 | Vaults:5 | Reached skill level 1 in Necromancy
105029 | Vaults:5 | Identified the ring of the Hidden Emperors {rF++ EV+5}
105150 | Vaults:5 | Identified the staff of poison "Exzarphao" {rPois Str-3
                  | Int+6}
105158 | Vaults:5 | Identified the +1 great sword of Desperation {venom, rCorr
                  | Dex+3 Stlth+}
105678 | Vaults:5 | Got a silver rune of Zot
106310 | Zot:1    | Entered Level 1 of the Realm of Zot
108016 | Zot:1    | You are sucked into a shaft and drop 1 floor!
108052 | Zot:2    | Reached skill level 5 in Necromancy
108602 | Zot:2    | Identified the +4 long sword of Foal {freeze, rF+ Int-5
                  | Dex+6}
110207 | Hell     | Entered the Vestibule of Hell
110207 | Hell     | Noticed Geryon
110831 | Hell     | Noticed Murray
111299 | Hell     | Killed Murray
111738 | Hell     | Killed Geryon
112213 | Hell     | Found a gateway to the Iron City of Dis.
112265 | Hell     | Found a gateway to the freezing wastes of Cocytus.
112617 | Hell     | Found a gateway to the decaying netherworld of Tartarus.
112643 | Hell     | Found a gateway to the ashen valley of Gehenna.
112744 | Hell     | Acquired the ring "Diymmen" {rN+ rCorr AC+4 Str+3}
112783 | Tar:1    | Entered Level 1 of Tartarus
114244 | Tar:3    | Noticed an ancient lich
114250 | Tar:3    | Killed an ancient lich
114552 | Tar:3    | Noticed a dread lich
114552 | Tar:3    | Noticed an ancient lich
114555 | Tar:3    | Paralysed by a dread lich for 3 turns
114557 | Tar:3    | Noticed a dread lich
114561 | Tar:3    | Killed a dread lich
114561 | Tar:3    | Noticed a dread lich
114562 | Tar:3    | Killed a dread lich
114564 | Tar:3    | Killed an ancient lich
114571 | Tar:3    | Killed a dread lich
114575 | Tar:3    | Noticed a dread lich
114580 | Tar:3    | Paralysed by a dread lich for 5 turns
114586 | Tar:3    | Killed a dread lich
114795 | Tar:3    | You are sucked into a shaft and drop 1 floor!
114861 | Tar:4    | Reached skill level 10 in Dodging
115084 | Tar:4    | Learned a level 8 spell: Lehudib's Crystal Spear
115096 | Tar:4    | Reached skill level 15 in Maces & Flails
115710 | Abyss:2  | Cast into level 2 of the Abyss (reaper)
115822 | Abyss:2  | Found a corrupted altar of Lugonu.
116136 | Abyss:2  | Found a corrupted altar of Lugonu.
116252 | Abyss:2  | Found a corrupted altar of Lugonu.
116287 | Abyss:2  | Found a corrupted altar of Lugonu.
116335 | Abyss:2  | Found a corrupted altar of Lugonu.
116456 | Abyss:2  | Found a corrupted altar of Lugonu.
116621 | Tar:4    | Escaped the Abyss
117804 | Slime:1  | Entered Level 1 of the Pits of Slime
119013 | Slime:2  | Gained mutation: [You are weak. (Str -2)] [a shining eye]
120725 | Slime:4  | Gained mutation: [You are vulnerable to cold. (rC-)] [a
                  | shining eye]
120726 | Slime:4  | Gained mutation: [Potions are less effective at restoring
                  | your health.] [a shining eye]
120950 | Slime:4  | Gained mutation: Your body sometimes deteriorates upon
                  | taking damage. [a shining eye]
121916 | Slime:5  | Entered Level 5 of the Pits of Slime
123177 | Slime:5  | Noticed the Royal Jelly
123238 | Slime:5  | Killed the Royal Jelly
123929 | Slime:5  | Learned a level 8 spell: Borgnjor's Revivification
123929 | Slime:5  | Identified the +9 glaive of Uclerchi {spect, rElec}
123949 | Slime:5  | Identified the +15 plate armour "Zauwoos" {Will+}
123992 | Slime:5  | Got a slimy rune of Zot
124196 | Slime:1  | Gained mutation: You are partially covered in iridescent
                  | scales. (AC +2) [a shining eye]
124198 | Slime:1  | Gained mutation: You occasionally lose the ability to drink
                  | potions when taking damage. [a shining eye]
124565 | Lair:1   | Lost mutation: You occasionally lose the ability to drink
                  | potions when taking damage. [potion of mutation]
124565 | Lair:1   | Lost mutation: [Potions are less effective at restoring
                  | your health.] [potion of mutation]
124565 | Lair:1   | Gained mutation: [Your spells are a little easier to cast,
                  | but a little less powerful.] [potion of mutation]
124565 | Lair:1   | Gained mutation: [You are vulnerable to heat. (rF-)]
                  | [potion of mutation]
124565 | Lair:1   | Gained mutation: [You occasionally shout uncontrollably at
                  | your foes.] [potion of mutation]
124565 | Lair:1   | Gained mutation: You are robust. (+10% HP) [potion of
                  | mutation]
124698 | Lair:1   | Lost mutation: [You are vulnerable to heat. (rF-)] [potion
                  | of mutation]
124698 | Lair:1   | Lost mutation: Your body sometimes deteriorates upon taking
                  | damage. [potion of mutation]
124698 | Lair:1   | Gained mutation: You have hidden genetic defects. [potion
                  | of mutation]
124699 | Lair:1   | Lost mutation: [Your spells are a little easier to cast,
                  | but a little less powerful.] [potion of mutation]
124699 | Lair:1   | Lost mutation: You are robust. (+10% HP) [potion of
                  | mutation]
124699 | Lair:1   | Gained mutation: You are mostly covered in iridescent
                  | scales. (AC +4) [potion of mutation]
124699 | Lair:1   | Gained mutation: [You are clumsy. (Dex -2)] [potion of
                  | mutation]
124699 | Lair:1   | Gained mutation: You expend magic power (3 MP) to
                  | strengthen your wands. [potion of mutation]
124700 | Lair:1   | Lost mutation: [You are clumsy. (Dex -2)] [potion of
                  | mutation]
124700 | Lair:1   | Lost mutation: You expend magic power (3 MP) to strengthen
                  | your wands. [potion of mutation]
124700 | Lair:1   | Lost mutation: [You are weak. (Str -2)] [potion of
                  | mutation]
124701 | Lair:1   | Lost mutation: You are mostly covered in iridescent scales.
                  | (AC +4) [potion of mutation]
124701 | Lair:1   | Lost mutation: You are partially covered in iridescent
                  | scales. (AC +2) [potion of mutation]
124701 | Lair:1   | Lost mutation: [You occasionally shout uncontrollably at
                  | your foes.] [potion of mutation]
124702 | Lair:1   | Lost mutation: You have hidden genetic defects. [potion of
                  | mutation]
124702 | Lair:1   | Lost mutation: [You are vulnerable to cold. (rC-)] [potion
                  | of mutation]
124702 | Lair:1   | Gained mutation: Your mind is acute. (Int +4, Str/Dex -1)
                  | [potion of mutation]
124702 | Lair:1   | Gained mutation: You possess an exceptional clarity of
                  | mind. [potion of mutation]
126522 | Zot:3    | Noticed a dread lich
126594 | Zot:3    | Reached skill level 10 in Necromancy
126608 | Zot:3    | Paralysed by a dread lich for 3 turns
126614 | Zot:3    | Killed a dread lich
128055 | Zot:4    | Identified the +10 shortbow "Oteliomp" {drain, *Corrode
                  | MP+9 Str+7 Int+3}
128588 | Zot:4    | Identified the staff of earth "Ferampop" {*Slow rN+++ Int+3
                  | SInv}
129017 | Zot:5    | Entered Level 5 of the Realm of Zot
129841 | Zot:5    | HP: 1/180 [Orb Guardian (40)]
129850 | Zot:5    | HP: 2/180 [golden dragon/bolt of cold (53)]
130021 | Zot:5    | Noticed an orb of fire
130022 | Zot:5    | Gained mutation: Your body sometimes deteriorates upon
                  | taking damage. [an orb of fire]
130023 | Zot:5    | Gained mutation: You occasionally lose the ability to drink
                  | potions when taking damage. [an orb of fire]
130025 | Zot:5    | Gained mutation: [You are vulnerable to cold. (rC-)] [an
                  | orb of fire]
130033 | Zot:5    | Gained mutation: Your skin changes colour to match your
                  | surroundings (Stealth+). [an orb of fire]
130034 | Zot:5    | Lost mutation: You possess an exceptional clarity of mind.
                  | [an orb of fire]
130035 | Zot:5    | Gained mutation: [You sometimes lose your temper in
                  | combat.] [an orb of fire]
130043 | Zot:5    | Killed an orb of fire
130127 | Zot:5    | Lost mutation: Your skin changes colour to match your
                  | surroundings (Stealth+). [potion of mutation]
130127 | Zot:5    | Lost mutation: [You sometimes lose your temper in combat.]
                  | [potion of mutation]
130127 | Zot:5    | Gained mutation: You are covered in fur. (AC +1) [potion of
                  | mutation]
130127 | Zot:5    | Gained mutation: [You occasionally lose the ability to read
                  | scrolls when taking damage.] [potion of mutation]
130127 | Zot:5    | Gained mutation: You have supernaturally acute eyesight.
                  | (SInv) [potion of mutation]
130128 | Zot:5    | Lost mutation: Your mind is acute. (Int +4, Str/Dex -1)
                  | [potion of mutation]
130128 | Zot:5    | Lost mutation: [You occasionally lose the ability to read
                  | scrolls when taking damage.] [potion of mutation]
130128 | Zot:5    | Lost mutation: [You are vulnerable to cold. (rC-)] [potion
                  | of mutation]
130128 | Zot:5    | Gained mutation: [Your magical capacity is low. (-10% MP)]
                  | [potion of mutation]
130128 | Zot:5    | Lost mutation: You have supernaturally acute eyesight.
                  | (SInv) [potion of mutation]
130129 | Zot:5    | Lost mutation: You occasionally lose the ability to drink
                  | potions when taking damage. [potion of mutation]
130129 | Zot:5    | Lost mutation: Your body sometimes deteriorates upon taking
                  | damage. [potion of mutation]
130129 | Zot:5    | Gained mutation: Your muscles are strong. (Str +4, Int/Dex
                  | -1) [potion of mutation]
130129 | Zot:5    | Gained mutation: [Your magical capacity is very low. (-20%
                  | MP)] [potion of mutation]
130130 | Zot:5    | Lost mutation: Your muscles are strong. (Str +4, Int/Dex
                  | -1) [potion of mutation]
130130 | Zot:5    | Lost mutation: [Your magical capacity is very low. (-20%
                  | MP)] [potion of mutation]
130130 | Zot:5    | Lost mutation: [Your magical capacity is low. (-10% MP)]
                  | [potion of mutation]
130130 | Zot:5    | Gained mutation: You passively map a small area around you.
                  | [potion of mutation]
130130 | Zot:5    | Gained mutation: You are strong-willed. (Will+) [potion of
                  | mutation]
130532 | Hell     | Learned a level 1 spell: Apportation
131292 | Coc:1    | Entered Level 1 of Cocytus
132204 | Coc:2    | Reached skill level 15 in Necromancy
132764 | Coc:3    | Paralysed by a wendigo for 1 turns
133640 | Zig:1    | Entered Level 1 of a ziggurat
133641 | Zig:1    | Noticed Parats the pandemonium lord
133649 | Zig:1    | Killed Parats the pandemonium lord
133666 | Zig:2    | Entered Level 2 of a ziggurat
133694 | Zig:3    | Entered Level 3 of a ziggurat
133718 | Zig:3    | Identified the +2 spear of Extermination {spect, Int+2}
133807 | Zig:4    | Entered Level 4 of a ziggurat
134261 | Zig:5    | Entered Level 5 of a ziggurat
134351 | Zig:5    | Identified the +0 robe of Rationality {rC+ Dex+2 Stlth+}
134354 | Zig:6    | Entered Level 6 of a ziggurat
134361 | Zig:6    | Found the +4 moon troll leather armour {Spirit, Regen++
                  | MP+5}
134361 | Zig:6    | Noticed Fiedio the pandemonium lord
134366 | Zig:6    | Killed Fiedio the pandemonium lord
134388 | Zig:6    | Identified the amulet of Coyg Sir {Reflect rElec rC+ SH+5}
134568 | Zig:6    | Identified the +2 long sword "Fiant" {heavy, rElec rN+
                  | Will-}
134573 | Zig:7    | Entered Level 7 of a ziggurat
134598 | Zig:7    | Identified the +4 morningstar "Opewk" {antimagic, Will+}
134753 | Zig:8    | Entered Level 8 of a ziggurat
134757 | Zig:8    | Noticed a juggernaut
134767 | Zig:8    | Killed a juggernaut
135149 | Zig:8    | Identified the +0 robe of Datsuan {rF++ rC+}
135151 | Zig:8    | Identified the +1 hand axe of Superiority {pain, Int+3}
135172 | Zig:9    | Entered Level 9 of a ziggurat
135252 | Zig:9    | Found the +6 Majin-Bo {spellvamp, MP+6 Int+6}
135264 | Zig:9    | Identified the ring of the Yeti {rN+ Str+2 Dex+6}
135278 | Zig:10   | Entered Level 10 of a ziggurat
135286 | Zig:10   | Noticed a dread lich
135292 | Zig:10   | Killed a dread lich
135297 | Zig:10   | Found the +12 pair of quick blades "Gyre" and "Gimble"
                  | {protect}
135312 | Zig:10   | Identified the staff of fire "Ihifistrury" {rElec rPois rF+
                  | Str-3}
135654 | Zig:11   | Entered Level 11 of a ziggurat
135676 | Zig:11   | Reached skill level 10 in Stealth
136017 | Zig:11   | Got the Tome of the Brume and the Mantle
136023 | Zig:11   | Identified the staff of conjuration "Sanegyrr" {rC+++ rN+
                  | Int-5 SInv}
136024 | Zig:11   | Identified the +0 chain mail "Natiegem" {rElec Regen+
                  | Str+3}
136039 | Zig:11   | Identified the +7 chain mail of Understanding {Will+ Str+3}
136049 | Zig:12   | Entered Level 12 of a ziggurat
136102 | Zig:12   | Found the +9 scales of the Dragon King {rPois rF+ rC+
                  | Will+}
136109 | Zig:12   | Identified the +2 rapier of Bodily Harmony {freeze, *Noise
                  | rF++ Str+3 Dex+3}
136112 | Zig:13   | Entered Level 13 of a ziggurat
136126 | Zig:13   | Noticed a royal mummy
136133 | Zig:13   | Noticed a royal mummy
136140 | Zig:13   | Killed a royal mummy
136141 | Zig:13   | Found the +3 pair of gauntlets of War {Slay+5}
137130 | Geh:1    | Entered Level 1 of Gehenna
137894 | Depths:1 | Voluntarily entered the Abyss.
137976 | Abyss:3  | Gained mutation: [You sometimes lose your temper in
                  | combat.] [a cacodemon]
137977 | Abyss:3  | Gained mutation: You occasionally lose the ability to drink
                  | potions when taking damage. [a cacodemon]
137981 | Abyss:3  | Gained mutation: You sometimes lose the ability to drink
                  | potions when taking damage. [a cacodemon]
138629 | Abyss:4  | Found a corrupted altar of Lugonu.
138655 | Abyss:4  | Gained mutation: [You are frail. (-10% HP)] [a neqoxec]
138835 | Abyss:4  | Reached skill level 27 in Earth Magic
139088 | Abyss:4  | Found a corrupted altar of Lugonu.
139186 | Abyss:4  | Gained mutation: You have hidden genetic potential. [a
                  | neqoxec]
139190 | Abyss:4  | Gained mutation: Your body sometimes deteriorates upon
                  | taking damage. [a neqoxec]
139374 | Abyss:4  | Found a corrupted altar of Lugonu.
139477 | Abyss:4  | Noticed an ancient lich
139515 | Abyss:4  | Paralysed by accursed screaming for 1 turns
139773 | Abyss:4  | Gained mutation: Your body often deteriorates upon taking
                  | damage. [a neqoxec]
139830 | Abyss:5  | Noticed an ancient lich
139833 | Abyss:5  | Killed an ancient lich
139839 | Abyss:5  | Found a corrupted altar of Lugonu.
139854 | Abyss:5  | Found a blossoming altar of Fedhas.
139855 | Abyss:5  | Paralysed by accursed screaming for 2 turns
139876 | Abyss:5  | Found a corrupted altar of Lugonu.
139886 | Abyss:5  | Gained mutation: [You are clumsy. (Dex -2)] [a neqoxec]
139935 | Abyss:5  | Gained mutation: [You are very frail. (-20% HP)] [a
                  | cacodemon]
140507 | Abyss:5  | Gained mutation: [Potions are less effective at restoring
                  | your health.] [a neqoxec]
140518 | Abyss:5  | Found a radiant altar of Vehumet.
140522 | Abyss:6  | Found a corrupted altar of Lugonu.
140621 | Abyss:6  | Found a corrupted altar of Lugonu.
140664 | Abyss:6  | Paralysed by accursed screaming for 2 turns
140677 | Abyss:7  | Entered Level 7 of the Abyss
140721 | Abyss:7  | Paralysed by accursed screaming for 1 turns
140726 | Abyss:7  | HP: 6/123 [starcursed mass/accursed screaming (10)]
140728 | Abyss:7  | Killed from afar by a smoke demon

Illustrated notes

Levels and vault maps discovered:
D:1:      dpeg_arrival_three_same_balls, layout_loops_ring,
          hangedman_decor_slide_cut, hangedman_decor_push
D:2:      wad_woods_tower, layout_basic, basic_altar,
          ebering_dispersal_statue_hall, grunt_ministairs_13,
          kennysheep_generic_room_3
D:3:      kennysheep_big_flooded_room, layout_rooms, serial_glass,
          glass_columns_a, glass_columns_a, uniq_robin
D:4:      layout_gridville, mainiacjoe_overflow_small_starburst,
          lightli_ossuary_entry_decrepit_ruins, hangedman_decor_clover_reticule,
          hangedman_feature_mirror, uniq_blork_the_orc
D:5:      layout_cave_pools, nicolae_wu_jian_immortal_techniques,
          kiku_gazebo_garden_becter, nemelex_diamond_rough_becter,
          serial_column_ruins, column_ruins_hut_pillars,
          column_ruins_hut_ruined, column_ruins_columns_corner,
          column_ruins_columns_corner, column_ruins_open_medium,
          column_ruins_open_medium, column_ruins_corridor_corner,
          column_ruins_columns_dead_end, uniq_menkaure
D:6:      layout_cave_pools, mainiacjoe_overflow_concentric_impassable,
          minmay_temple_entry_offerings, nicolae_figureground_sparkle
D:7:      lemuel_ice_statue, layout_layer_cave, enter_bailey_2, serial_shops,
          kennysheep_mini, minmay_lizard_king
D:8:      layout_rooms, dpeg_oklobed_lair, nicolae_diode_quadrants, uniq_grum
D:9:      layout_basic, okawaru_humans
D:10:     layout_cave_pools
D:11:     layout_cave_pools, orc_0_dummy, gauntlet_entry_generic, serial_shops,
          shop, led_sif_pool
D:12:     layout_roguey, nicolae_elyvilon_peaceful_grove
D:13:     layout_irregular_city, uniq_urug
D:14:     layout_basic, david_vaults_1, grunt_decor_one_mirror
D:15:     grunt_enter_depths_giant_problem, layout_small_grid, glass_columns_a,
          uniq_louise
Temple:   nicolae_temple_elliptical
Lair:1:   layout_concentric_octagons, basic_altar,
          nicolae_volcano_entry_lava_flow, st_stairs_5, grunt_megastairs_2
Lair:2:   lemuel_ratsnest, layout_regular_city, elwin_shoals_entry_rocks,
          hellmonk_guarded_unrand_seven_league_boots
Lair:3:   layout_cave_pods, dummy_snake_entry, pdpol_lair_neglected_garden,
          uniq_sonja
Lair:4:   layout_hall_layers, hellmonk_guarded_unrand_zhor,
          serial_bayou_shore_a, infiniplex_staircase_pool_2
Lair:5:   wormcave, layout_layer_cave, hangedman_lair_caniforms_friends,
          minmay_slime_entry_oklob_open, chequers_serial_rivers_small_b,
          nzn_masters_of_martial_movement
Shoals:1: layout_shoals, nicolae_shop_overcharged_wands, uniq_nikola
Shoals:2: layout_shoals, serial_shops, nicolae_diamond_shop, uniq_aizul
Shoals:3: layout_shoals, gammafunk_ghost_wrathful_warriors
Shoals:4: shoals_end_hangedman, layout_shoals, uniq_polyphemus
Snake:1:  kennysheep_snake, layout_onion, serial_shops, shop_statue,
          nicolae_snake_salamander_stairs, minmay_shoptagon, uniq_jorgrun
Snake:2:  layout_layer_cave, serial_shops, bzr_entry_islet
Snake:3:  layout_grid_shapes, portal_ice_cave_entry_frozen_things,
          grunt_megastairs_4, uniq_donald
Snake:4:  johnstein_snake_rune_scales, layout_misc_corridors, basic_altar,
          serial_shops, shop, minmay_shop_star
Slime:1:  layout_caves
Slime:2:  cheibrodos_slime_lost_civilization_10, layout_caves
Slime:3:  layout_caves
Slime:4:  layout_caves, special_room [special_room_jelly]
Slime:5
Orc:1:    layout_caves, uniq_fannar
Orc:2:    st_orc_rangers, layout_caves, uniq_josephine, uniq_rupert
Elf:1:    minmay_elf_arrival_circle, layout_loops_ring, basic_altar,
          portal_desolation_entry_nicolae_nacl, minmay_elf_sorcery, drop_trap,
          uniq_kirke
Elf:2:    nicolae_elf_blades_crystal_corner, layout_gridlike,
          hellmonk_ghost_big_iron, minmay_shop_grove
Elf:3:    minmay_elf_hall_furrowed, layout_onion_city
Vaults:1: nicolae_vaults_network_quincunx
          [nicolae_vaults_network_quincunx_subvault,
          nicolae_vaults_network_quincunx_subvault,
          nicolae_vaults_network_quincunx_subvault,
          nicolae_vaults_network_quincunx_subvault,
          nicolae_vaults_network_quincunx_subvault],
          nicolae_vaults_circle_grid_b, nicolae_vaults_swerve,
          ontoclasm_vaults_loading_screen,
          nicolae_vaults_storing_the_good_stuff,
          nicolae_vaults_little_squares_1, nicolae_vaults_storage_closets_2,
          nicolae_vaults_tetromino_Z_2, nicolae_vaults_closet_pinwheel_1,
          hangedman_vaults_capsules, v_misc_19, nicolae_vaults_house_1,
          nicolae_vaults_surprise_closet, nicolae_vaults_cochlea,
          ontoclasm_vaults_eye, layout_vaults_big_room
Vaults:2: gammafunk_ghost_spectres, vaults_room_corners,
          nicolae_vaults_yaktaur_gun_rack, vaults_mumra_lcd,
          vaults_room_fancy_cross, minmay_crypt_entry_skeletal_spiral,
          nicolae_vaults_trapezoid_lopsided_1,
          nicolae_vaults_windows_and_doors_thing,
          ontoclasm_vaults_claustrophobia, v_misc_12,
          vaults_room_grunt_arrival_checkpoint, vaults_room_pools, v_misc_30,
          nicolae_vaults_diamond_2, nicolae_vaults_hexular_roomagon,
          layout_vaults_ring, uniq_jory, uniq_zenata, uniq_boris, uniq_frederick
Vaults:3: v_alt_pattern_4, vaults_room_pool, serial_ice_h,
          nicolae_vaults_bisected_slash, nicolae_vaults_storage_room_doors,
          grunt_vaults_twisty, vaults_room_corners, nicolae_vaults_alarming,
          v_pattern_2, layout_vaults_quadrants, serial_shops, shop, uniq_mara
Vaults:4: nicolae_vaults_twisting_passages, vaults_mumra_chevron_long,
          nicolae_vaults_ring_of_whatevers, vaults_standard_mumra_x,
          nicolae_vaults_mush_room, nicolae_vaults_trapezoid_lopsided_2,
          v_misc_27, vaults_room_ringed_pool, nicolae_vaults_sightless_eye,
          hangedman_vaults_nails, v_misc_27, vaults_room_pools,
          ontoclasm_vaults_decontamination,
          nicolae_vaults_variable_pillar_hall_cross, layout_vaults_omnibox,
          serial_shops, nicolae_shop_tiny_waterfront, shop, shop_fountains
Vaults:5: uniq_margery
Crypt:1:  layout_gridlike, gammafunk_ghost_grave, lemuel_statue_altar,
          serial_sigils_hangedman_shear, tombwall_bobbens
Crypt:2:  layout_regular_city
Crypt:3:  due_elkab, layout_chaotic_city, hellmonk_ghost_happy_afterlife,
          grunt_ministairs_13
Tomb:1
Tomb:2
Depths:1: minmay_shrinking_squares, layout_cave_shapes, hangedman_geh_valley,
          abyss_entry, rand_demon_pan_entry_3, fedhas_altar_fruit_tree,
          serial_bayou_shore_b
Depths:2: minmay_triangles_in_corner, layout_twisted_cross, enter_ziggurat_e,
          grunt_pan_entry_spiral, nicolae_triple_integral, grunt_mini_vestibule,
          minmay_hedge_maze, serial_bayou_shore_b
Depths:3: minmay_three_patterns, layout_basic, pf_coc_iceberg, pan_entry,
          abyss_entry_small_statue_room, skrybe_limestone_x,
          nicolae_hepliaklqana_ecumenical_no_more, uniq_vv
Depths:4: grunt_zot_entry_funnels, layout_basic, minmay_misc_feat_tower,
          minmay_room_of_horrors, hell_entry, minmay_misc_feat_rugged
Hell
Geh:1:    layout_gehenna_lava_caves
Geh:2:    layout_gehenna_pools_basic
Coc:1:    layout_cocytus_delve
Coc:2:    layout_ice_bergs
Coc:3:    layout_ice_bergs
Coc:4:    layout_cocytus_water_paths
Tar:1:    layout_grid_maze
Tar:2:    layout_cathedral_of_symmetry
Tar:3:    layout_honeycomb, nicolae_hells_leichenhalle
Tar:4:    layout_grid_maze, grunt_tartarus_stairs_gauntlet_trap
Tar:5:    layout_honeycomb, nicolae_hells_seeping_fissure
Tar:6:    layout_grid_maze, nicolae_tar_honey_rotating
Zot:1:    lemuel_draconian_sentries_small, layout_cathedral_of_symmetry
Zot:2:    layout_twisted_circle, uniq_grunn
Zot:3:    ebering_klown_carousel, layout_misc_corridors,
          hangedman_zot_decor_tridents
Zot:4:    kennysheep_six_static_rooms, layout_misc_corridors,
          st_single_dragon_hoard_2
Zot:5:    layout_gridlike, grunt_ministairs_13
Abyss:7:  base: D:15, evilmike_abyss_exit_glass, hangedman_shadowy_showcase,
          spicy_abyss_unhelpful_harpoons, hangedman_summoners_spam,
          evilmike_nicolae_abyss_rune_betentacled_crabyss,
          guppyfry_abyss_exit_spiral_guarded,
          hangedman_abyss_or_decor_jellyfish_corner,
          hangedman_classic_abyss_death

Skill      XL: |  1  2  3  4  5  6  7  8  9 10 11 12 13 14 15 16 17 18 19 20 21 22 23 24 25 26 27 |
---------------+----------------------------------------------------------------------------------+-----
Fighting       | 1 2 3 5 6 7 8 9 11 14 15 16 17 18 22 | 22.6
Earth Magic    | 4 5 6 7 9 10 11 12 13 14 15 16 18 20 22 23 24 25 26 27 | 27.0
Conjurations   | 2 3 4 5 6 7 9 10 11 12 13 14 15 16 17 19 | 19.4
Spellcasting   | 3 4 5 6 7 8 9 10 11 12 13 14 15 16 17 20 | 20.0
Staves         | 2 |  2.8
Dodging        | 2 5 6 7 11 | 11.0
Air Magic      | 1 2 |  2.7
Poison Magic   | 1 2 |  2.2
Maces & Flails | 4 5 7 8 9 10 11 12 20 | 20.1
Armour         | 4 5 13 14 16 | 16.3
Invocations    | 8 9 10 11 13 14 15 16 17 18 20 | 20.7
Translocations | 2 5 6 |  6.2
Ice Magic      | 2 3 |  3.9
Evocations     | 2 4 |  4.9
Transmutations | 1 3 |  3.6
Shields        | 6 7 8 9 14 | 14.1
Fire Magic     | 6 |  6.1
Necromancy     | 17 | 17.7
Stealth        | 11 | 11.0

Action                     |  1- 3 |  4- 6 |  7- 9 | 10-12 | 13-15 | 16-18 | 19-21 | 22-24 | 25-27 || total
---------------------------+-------+-------+-------+-------+-------+-------+-------+-------+-------++-------
  Melee: Unarmed           |     1 |       |       |       |       |       |       |       |       ||     1
         Quarterstaff      |    16 |    50 |   145 |   124 |       |       |       |       |       ||   335
         Morningstar       |       |       |       |   176 |   350 |       |       |       |       ||   526
         Punch             |       |       |       |     2 |     4 |       |       |       |       ||     6
         Eveningstar       |       |       |       |       |    16 |   716 |   882 |  1072 |  2824 ||  5510
         Demon whip        |       |       |       |       |       |       |       |   228 |  1576 ||  1804
   Cast: Sandblast         |    43 |    66 |    16 |       |       |       |       |       |       ||   125
         Stone Arrow       |       |     6 |   110 |   193 |   249 |    33 |     3 |       |    13 ||   607
         Magic Dart        |       |       |     3 |    92 |   153 |    25 |    20 |     7 |    44 ||   344
         Mephitic Cloud    |       |       |       |    15 |    25 |     2 |    18 |     2 |     3 ||    65
         Frozen Ramparts   |       |       |       |       |    14 |     1 |       |       |       ||    15
         Iron Shot         |       |       |       |       |   134 |   268 |   167 |   110 |   242 ||   921
         Iskenderun's Myst |       |       |       |       |    47 |    41 |    41 |    21 |    79 ||   229
         Blink             |       |       |       |       |     1 |       |       |       |     7 ||     8
         Irradiate         |       |       |       |       |       |    27 |    24 |    22 |    88 ||   161
         Starburst         |       |       |       |       |       |     4 |    18 |    11 |    50 ||    83
         Shatter           |       |       |       |       |       |       |    15 |    64 |   238 ||   317
         Lehudib's Crystal |       |       |       |       |       |       |       |       |    80 ||    80
         Dispel Undead     |       |       |       |       |       |       |       |       |     7 ||     7
         Apportation       |       |       |       |       |       |       |       |       |     1 ||     1
         Borgnjor's Revivi |       |       |       |       |       |       |       |       |     1 ||     1
 Invoke: Bend Time         |       |       |       |     1 |       |       |     1 |       |       ||     2
         Slouch            |       |       |       |       |       |     4 |     2 |     3 |     5 ||    14
  Evoke: Wand              |       |       |     4 |     6 |    10 |    18 |    16 |     3 |    30 ||    87
    Use: Scroll            |       |     8 |    11 |    15 |    12 |    21 |    10 |    24 |    33 ||   134
         Potion            |       |       |     7 |    11 |     7 |    11 |     2 |     4 |    44 ||    86
   Stab: Sleeping          |       |       |     2 |       |       |     6 |     4 |       |       ||    12
         Confused          |       |       |       |     2 |    10 |     2 |    11 |       |     2 ||    27
         Petrified         |       |       |       |       |       |       |     7 |       |       ||     7
         Distracted        |       |       |       |       |       |       |     4 |       |    10 ||    14
         Invisible         |       |       |       |       |       |       |       |       |     4 ||     4
 Armour: Robe              |     9 |    57 |    77 |    21 |       |       |       |       |       ||   164
         Steam dragon scal |       |       |       |    28 |       |       |       |       |       ||    28
         Acid dragon scale |       |       |       |   140 |    83 |       |       |       |       ||   223
         Animal skin       |       |       |       |       |   129 |   285 |   361 |   128 |    26 ||   929
         Leather armour    |       |       |       |       |    16 |       |       |       |       ||    16
         Pearl dragon scal |       |       |       |       |       |       |       |   574 |  2108 ||  2682
  Dodge: Dodged            |    24 |    83 |   148 |   411 |   573 |   448 |   540 |   702 |  3339 ||  6268
  Block: Other             |       |       |    21 |   106 |   158 |     1 |       |       |       ||   286
         Reflection        |       |       |       |     9 |    18 |    82 |    61 |    32 |    93 ||   295
         Kite shield       |       |       |       |       |       |   723 |   792 |  1123 |  4587 ||  7225
